 Dungeon Crawl Stone Soup version 0.27-a0-1312-g5cdb2b3542 (webtiles) character file.

Game seed: 16608927378868009136

17857 spiderkeys the Schismatic (level 12, -4/87 HPs)
             Began as an Octopode Abyssal Knight on June 20, 2021.
             Was an Elder of Lugonu.
             Slain by an ice beast (14 damage)
             ... on level 2 of the Lair of Beasts.
             The game lasted 00:26:52 (17564 turns).

spiderkeys the Schismatic (OpAK)                   Turns: 17564, Time: 00:26:53

Health: -4/87      AC:  7    Str: 22    XL:     12   Next: 52%
Magic:  27/28      EV: 14    Int: 15    God:    Lugonu [****..]
Gold:   659        SH: 10    Dex: 11    Spells: 11/11 levels left

rFire    . . .     SeeInvis +   a - +4 trident (venom)
rCold    . . .     Faith    .   G - +0 kite shield
rNeg     + . .     Spirit   .   F - +2 hat {SInv}
rPois    .         Reflect  .   A - amulet of the acrobat
rElec    .         Harm     .   O - +4 ring of protection
rCorr    +         Rampage  .   N - ring of positive energy
Will     .....                  S - +6 ring of strength
Stlth    ++++......             R - ring of resist corrosion
HPRegen  0.24/turn              W - ring of magical power
MPRegen  0.21/turn              (no ring)
                                (no ring)
                                (no ring)

@: slowed, very slow
A: almost no armour, amphibious, 8 rings, camouflage 1, gelatinous body 1,
(nimble swimmer 1), tentacles
a: Renounce Religion, Depart the Abyss, Bend Space, Banish, Corrupt


You were on level 2 of the Lair of Beasts.
You worshipped Lugonu.
Lugonu was greatly pleased with you.
You visited 2 branches of the dungeon, and saw 13 of its levels.
You visited the Abyss 2 times.
You also visited: Sewer.

You collected 659 gold pieces.


Innate Abilities, Weirdness & Mutations

You cannot wear most types of armour.
You are amphibious.
You can wear up to eight rings at the same time.
Your skin changes colour to match your surroundings (Stealth+).
Your rubbery body absorbs attacks. (AC +1, EV +1)
((You are camouflaged near water. (Stealth+)))
You have tentacles for arms and can constrict up to eight enemies at once.


   Skills:
 + Level 9.9 Fighting
 + Level 9.7 Polearms
 + Level 9.8 Dodging
 + Level 7.5 Stealth
 + Level 5.4 Shields
 + Level 10.4 Invocations


You had 11 spell levels left.
You didn't know any spells.
Your spell library contained the following spells:

 Spells                   Type           Power      Damage    Failure   Level
 Corona                   Hex            0%         N/A       67%         1
 Summon Small Mammal      Summ           0%         N/A       67%         1
 Call Imp                 Summ           0%         N/A       80%         2
 Ensorcelled Hibernation  Hex/Ice        0%         N/A       80%         2
 Poisonous Vapours        Pois/Air       0%         N/A       80%         2
 Slow                     Hex            0%         N/A       80%         2
 Call Canine Familiar     Summ           0%         N/A       95%         3
 Confusing Touch          Hex            0%         N/A       95%         3
 Conjure Flame            Conj/Fire      0%         6-21      95%         3
 Dazzling Flash           Conj/Hex       0%         N/A       95%         3
 Gell's Gravitas          Tloc           0%         N/A       95%         3
 Ignite Poison            Fire/Tmut/Pois 0%         N/A       95%         3
 Inner Flame              Hex/Fire       0%         N/A       95%         3
 Mephitic Cloud           Conj/Pois/Air  0%         N/A       95%         3
 Portal Projectile        Hex/Tloc       0%         N/A       95%         3
 Summon Guardian Golem    Hex/Summ       0%         N/A       95%         3
 Tukima's Dance           Hex            0%         N/A       95%         3
 Cause Fear               Hex            0%         N/A       100%        4
 Leda's Liquefaction      Hex/Erth       0%         N/A       100%        4
 Petrify                  Tmut/Erth      0%         N/A       100%        4
 Summon Ice Beast         Ice/Summ       0%         N/A       100%        4
 Summon Lightning Spire   Summ/Air       0%         N/A       100%        4
 Fireball                 Conj/Fire      0%         3d3       100%        5
 Freezing Cloud           Conj/Ice/Air   0%         6-21      100%        5
 Metabolic Englaciation   Hex/Ice        0%         N/A       100%        5
 Silence                  Hex/Air        0%         N/A       100%        5
 Yara's Violent Unravell  Hex/Tmut       0%         3d3       100%        5
 Starburst                Conj/Fire      0%         8x6d3     100%        6
 Discord                  Hex            0%         N/A       100%        8
 Ignition                 Fire           0%         3d3       100%        8

Inventory:

Hand Weapons
 a - a +4 trident of venom (weapon)
   (You acquired it on level 10 of the Dungeon)
 n - a +4 trident
   (You took it off an orc on level 5 of the Dungeon)
Missiles
 b - 115 sling bullets
 e - 286 stones
 f - 137 arrows
 g - 67 poisoned darts (quivered)
 x - 22 boomerangs
 B - 104 bolts
 I - 6 atropa-tipped darts
Armour
 k - a +0 buckler
   (You found it on level 3 of the Dungeon)
 F - a +2 hat of see invisible (worn)
   (You acquired it on level 11 of the Dungeon)
 G - a +0 kite shield (worn)
   (You found it on level 11 of the Dungeon)
Jewellery
 A - an amulet of the acrobat (around mantle)
   (You found it in a sewer)
 C - a ring of ice
   (You took it off a goblin on level 3 of the Dungeon)
 N - a ring of positive energy (right tentacle)
   (You found it on level 2 of the Dungeon)
 O - a +4 ring of protection (left tentacle)
   (You found it on level 2 of the Abyss)
 R - a ring of resist corrosion (on tentacle)
   (You found it on level 5 of the Dungeon)
 S - a +6 ring of strength (on tentacle)
   (You found it on level 2 of the Dungeon)
 W - a ring of magical power (on tentacle)
   (You found it on level 8 of the Dungeon)
Wands
 c - a wand of iceblast (8)
   (You took it off Ijyb on level 3 of the Dungeon)
 d - a wand of mindburst (5)
   (You found it on level 10 of the Dungeon)
 h - a wand of polymorph (13)
   (You found it on level 9 of the Dungeon)
 u - a wand of flame (12)
   (You found it on level 4 of the Dungeon)
 H - a wand of paralysis (12)
   (You found it on level 1 of the Lair of Beasts)
Scrolls
 j - 7 scrolls of immolation {!r!r}
 m - 8 scrolls of teleportation {@r4}
 o - 2 scrolls of fear
 r - 5 scrolls of magic mapping {!r}
 t - 2 scrolls of silence {!r}
 y - a scroll of identify {@r1}
 z - a scroll of fog
 D - 2 scrolls of vulnerability {!r!r}
 E - a scroll of enchant weapon
Potions
 i - 3 potions of lignification {!q}
 l - a potion of might
 p - 2 potions of magic
 q - 3 potions of brilliance
 s - 2 potions of haste {@q3}
 v - 5 potions of curing {@q1}
 w - 2 potions of attraction {!q}
 J - a potion of mutation {!q}
 K - a potion of heal wounds {@q2}

Dungeon Overview and Level Annotations

Branches:
Dungeon (11/15)            Temple (0/1) D:5            Lair (2/6) D:10
  Snake (0/4) Lair:2          Orc (0/2) D:11          Sewer (visited)
  Swamp: Lair:2-4    Shoals: Lair:2-4

Altars:
Dithmenos
Fedhas
Okawaru
Sif Muna
Uskayaw
Zin
The Shining One
Beogh

Shops:
D:6 [

Annotations:
D:6 3 runed translucent doors, bilbop's ghost, novice SpSu
Lair:2 exclusion: oklob plant

#............≈≈≈≈≈
.............≈≈≈≈≈
...........W.≈5≈≈≈
..>.......#..≈≈≈≈≈
P..##..###≈≈.≈.≈≈ ##..#
.≈≈...≈ #..## ≈≈≈≈.≈≈
##Y## .≈≈≈≈.≈ ####@.#
⌠.≈≈... ##.##.##
..#.... +#### #.....# .
....### ##..##...#..
...+..#####P...#.....P.
...#†..........###..###
.)..####..##...#...##
...# ######...# #. ...
##.## ##


You could see an ice beast (extremely poisoned).


Message History

😕 HP[+1]
You barely miss the ice beast.
The white imp lashes its tail.
The ice beast hits you but does no damage.
You puncture the ice beast!
The ice beast looks even sicker.
You block the ice beast's attack.
You puncture the ice beast!
You kill the ice beast!
Lugonu accepts your kill.
The freezing wraith hits you but does no damage.
The freezing wraith barely misses you. The white imp spits at you.
You puncture the freezing wraith! The freezing wraith misses you.
The freezing wraith hits you but does no damage.
The white imp barely misses you. 😕 HP[+1]
You hit the freezing wraith.
You squeeze the freezing wraith, but do no damage.
The freezing wraith completely misses you.
The freezing wraith closely misses you. The white imp gestures at you.
The puff of frost hits you but does no damage.
You puncture the freezing wraith! The freezing wraith misses you.
The freezing wraith hits you. The freezing wraith drains your vigour!
You feel yourself slow down. You block the white imp's attack.
An ice beast comes into view. 😕 HP[-5]
You take 5 damage, and now have 66/87 hp.
You hit the freezing wraith. The freezing wraith misses you.
The freezing wraith hits you! The freezing wraith drains your vigour!
You feel as though you will be slow longer.
The white imp closely misses you. The freezing wraith closely misses you.
The freezing wraith hits you! The white imp gestures at you.
The puff of frost hits you. 😮 HP[-19]
You take 19 damage, and now have 47/87 hp.
MASSIVE DAMAGE!! (PAUSE)
You hit the freezing wraith but do no damage.
You block the freezing wraith's attack. x2; The white imp barely misses you. 😮 HP[+1]
You hit the freezing wraith but do no damage.
The freezing wraith hits you. The freezing wraith freezes you!!
* * * LOW HITPOINT WARNING * * *
You block the freezing wraith's attack. The white imp completely misses you.
You block the freezing wraith's attack. The freezing wraith misses you.
The white imp hits you but does no damage. 😨 HP[-21]
You take 21 damage, and now have 27/87 hp.
MASSIVE DAMAGE!! (PAUSE)
Press: ? - help, Shift-Dir - straight line, f - freezing wraith
Aim: a freezing wraith (severely damaged, chance to affect: 74%)
The freezing wraith is devoured by a tear in reality.
Lugonu claims a new guest.
You block the white imp's attack. 😨 MP[-4]
You lost 4 mp, and now have 24/28 mp.
The white imp misses you. 😨 HP[+1] 😨 MP[+1]
You barely miss the white imp. Your grab misses the white imp.
The white imp gestures at you. The puff of frost misses you.
The white imp gestures at you. The puff of frost misses you.
You block the ice beast's attack. 😨 HP[+1]
You puncture the white imp! Your grab misses the white imp.
You block the white imp's attack. The white imp hits you.
* * * LOW HITPOINT WARNING * * *
The white imp freezes you.
* * * LOW HITPOINT WARNING * * *
😨 HP[-4]
You take 4 damage, and now have 25/87 hp.
You closely miss the white imp. You grab the white imp.
You constrict the white imp. The white imp gestures at you.
The puff of frost misses you. 😨 HP[+1] MP[+1]
You puncture the white imp!
You kill the white imp!
Lugonu accepts your kill.
The ice beast hits you but does no damage.
You barely miss the ice beast. You squeeze the ice beast!
The ice beast closely misses you.
You closely miss the ice beast. The ice beast closely misses you.
You block the ice beast's attack. 😨 HP[+1] MP[+1]
You hit the ice beast.
The ice beast is poisoned.
The ice beast closely misses you.
You hit the ice beast.
The ice beast looks as sick as possible!
You squeeze the ice beast. The ice beast hits you.
* * * LOW HITPOINT WARNING * * *
The ice beast freezes you!
* * * LOW HITPOINT WARNING * * *
The ice beast hits you.
* * * LOW HITPOINT WARNING * * *
The ice beast freezes you!
You die...

Skill      XL: |  1  2  3  4  5  6  7  8  9 10 11 12 |
---------------+-------------------------------------+-----
Dodging        | 3 4 5 7 8 9 |  9.8
Invocations    | 3 4 5 6 7 8 10 | 10.4
Polearms       | 3 4 5 6 8 9 |  9.7
Fighting       | 4 5 6 7 8 9 |  9.9
Shields        | 1 4 5 |  5.4
Stealth        | 1 6 7 |  7.5

Action                   |  1- 3 |  4- 6 |  7- 9 | 10-12 || total
-------------------------+-------+-------+-------+-------++-------
Melee: Spear             |    97 |    33 |       |       ||   130
       Tentacles         |    10 |    19 |    42 |    94 ||   165
       Constrict         |    20 |    24 |    28 |    37 ||   109
       Hand axe          |       |    70 |    63 |       ||   133
       Trident           |       |       |   175 |   430 ||   605
Throw: Dart              |       |     6 |    21 |    33 ||    60
       Boomerang         |       |       |     2 |     1 ||     3
Invok: Depart the Abyss  |     1 |       |       |     1 ||     2
       Bend Space        |       |       |     5 |     7 ||    12
       Banish            |       |       |       |     1 ||     1
Evoke: Wand              |       |       |     8 |    13 ||    21
  Use: Scroll            |     2 |     7 |     3 |    13 ||    25
       Potion            |       |       |     2 |       ||     2
 Stab: Sleeping          |    11 |     8 |     5 |     5 ||    29
       Distracted        |       |       |     1 |     1 ||     2
Armor: Skin              |    17 |    34 |    27 |    54 ||   132
Dodge: Dodged            |    30 |    96 |    92 |   208 ||   426
Block: Buckler           |       |       |    17 |    34 ||    51
       Kite shield       |       |       |       |    72 ||    72

Levels and vault maps discovered:
D:1:      noname_arrival_rooms_in_the_neighbourhood, layout_basic,
          chequers_ecumenical_altar_simple
D:2:      layout_basic, basic_altar, serial_glass, glass_columns_a,
          glass_columns_a, uniq_terence
D:3:      layout_loops_ring, nicolae_dithmenos_the_darkroom,
          portal_sewer_entry_f, uniq_ijyb, uniq_sigmund
D:4:      layout_cave_pools, grunt_temple_overflow_diamond,
          hangedman_decor_riveting, bh_walls_and_bars, uniq_grinder
D:5:      layout_gridville, dancing_weapons_uskayaw, minmay_temple_entry_fiery,
          uniq_duvessa
D:6:      layout_gridville, biasface_ghost_orc_armoury, serial_shops,
          nicolae_diamond_shop
D:7:      layout_cave_pods, item_on_display_a
D:8:      lemuel_ice_spiral_2, layout_basic, chequers_serial_rivers_micro_a
D:9:      layout_roguey, minmay_librarian, uniq_pikel
D:10:     layout_stronghold, kennysheep_mini_moat, lair_entry_dummy
D:11:     layout_irregular_city, david_orc_2, minmay_starry_boxes
Lair:1:   beast_lair_carwin_large_3, layout_regular_city, serial_bayou_shore_a,
          infiniplex_staircase_pool, serial_bayou_shore_b
Lair:2:   layout_roguey, swamp_mist, guppyfry_snake_entry_island, ice2_lemuel,
          minmay_lair_oklob_chamber

Notes
Turn   | Place    | Note
-------+----------+-------------------------------------------
     0 | Abyss:1  | spiderkeys the Octopode Abyssal Knight began the quest for
                  | the Orb.
     0 | Abyss:1  | Reached XP level 1. HP: 16/16 MP: 2/2
     0 | Abyss:1  | magus.rc [v1.9.10]
    65 | Abyss:2  | Noticed a cane toad
    73 | D:1      | You pass through the gate.
    73 | D:1      | Escaped the Abyss
   426 | D:1      | Reached XP level 2. HP: 20/21 MP: 3/3
   555 | D:1      | Reached * piety under Lugonu
   697 | D:1      | Found a faded altar of an unknown god.
   832 | D:1      | Reached XP level 3. HP: 25/26 MP: 4/4
   882 | D:1      | You pick up a book of Misfortune and begin reading...
   882 | D:1      | You add the spells Confusing Touch, Gell's Gravitas,
                  | Petrify, Metabolic Englaciation and Yara's Violent
                  | Unravelling to your library.
  1375 | D:2      | Reached skill level 3 in Dodging
  1506 | D:2      | Found a glowing silver altar of Zin.
  1512 | D:2      | Reached XP level 4. HP: 31/31 MP: 6/6
  1521 | D:2      | Noticed Terence
  1893 | D:1      | Reached ** piety under Lugonu
  2345 | D:3      | Reached skill level 3 in Invocations
  2359 | D:3      | Noticed Ijyb
  2365 | D:3      | Killed Ijyb
  2366 | D:3      | Reached skill level 3 in Polearms
  2366 | D:3      | Reached XP level 5. HP: 33/37 MP: 7/7
  2417 | D:3      | Found a glowing drain.
  2432 | Sewer    | Entered a sewer
  2936 | D:3      | Noticed Sigmund
  2942 | D:3      | Killed Sigmund
  2942 | D:3      | Reached *** piety under Lugonu
  2943 | D:3      | Reached skill level 4 in Fighting
  2943 | D:3      | Reached XP level 6. HP: 25/44 MP: 8/8
  3133 | D:3      | Found a shadowy altar of Dithmenos.
  3245 | D:3      | Noticed a sky beast
  3256 | D:3      | Killed a sky beast
  3257 | D:3      | Reached skill level 4 in Dodging
  3257 | D:3      | Reached skill level 4 in Invocations
  3584 | D:2      | Killed Terence
  3585 | D:2      | Reached XP level 7. HP: 40/49 MP: 10/10
  3863 | D:4      | Noticed Grinder
  3870 | D:4      | Killed Grinder
  3871 | D:4      | Reached skill level 4 in Polearms
  3998 | D:4      | Reached skill level 5 in Fighting
  4303 | D:4      | Found a shimmering blue altar of Sif Muna.
  4306 | D:4      | Found a blossoming altar of Fedhas.
  4310 | D:4      | Found a glowing golden altar of the Shining One.
  4340 | D:5      | Entered Level 5 of the Dungeon
  4615 | D:5      | Noticed a +0 dagger
  4615 | D:5      | Noticed a +0 dagger
  4616 | D:5      | Found a hide-covered altar of Uskayaw.
  4673 | D:5      | Noticed Dowan
  4684 | D:5      | Killed Dowan
  4685 | D:5      | Reached skill level 5 in Invocations
  4728 | D:5      | Reached skill level 5 in Dodging
  4728 | D:5      | Reached XP level 8. HP: 19/56 MP: 11/11
  4730 | D:5      | HP: 21/84 [poisoned by a water moccasin]
  4735 | D:5      | HP: 18/84 [poisoned by a water moccasin]
  5114 | D:5      | Reached skill level 5 in Polearms
  5352 | D:5      | Noticed Duvessa
  5362 | D:5      | Killed Duvessa
  5526 | D:5      | Found a staircase to the Ecumenical Temple.
  5995 | D:6      | Found Buuberef's Antique Armour Emporium.
  6207 | D:6      | Found a runed translucent gate.
  6223 | D:6      | Reached skill level 1 in Shields
  6225 | D:6      | Reached skill level 6 in Fighting
  6227 | D:6      | Reached skill level 6 in Invocations
  6258 | D:6      | Found a runed translucent gate.
  6258 | D:6      | Found a runed translucent gate.
  6261 | D:6      | Noticed bilbop's ghost (novice SpSu)
  6290 | D:6      | Reached **** piety under Lugonu
  6291 | D:6      | Reached XP level 9. HP: 56/62 MP: 13/13
  6296 | D:6      | You pick up a book of Fire and begin reading...
  6296 | D:6      | You add the spells Ignite Poison, Fireball, Starburst and
                  | Ignition to your library.
  6419 | D:6      | Reached skill level 2 in Shields
  6902 | D:7      | Reached skill level 6 in Dodging
  7166 | D:7      | Reached skill level 6 in Polearms
  8823 | D:8      | Reached skill level 3 in Shields
  8848 | D:8      | Reached skill level 7 in Invocations
  8859 | D:8      | HP: 13/63 [yak (14)]
  9125 | D:8      | Reached skill level 7 in Fighting
  9367 | D:9      | Reached skill level 7 in Dodging
  9367 | D:9      | Reached skill level 4 in Shields
  9367 | D:9      | Reached XP level 10. HP: 64/71 MP: 15/15
  9373 | D:9      | Reached skill level 7 in Polearms
  9877 | D:9      | Noticed Pikel
 10066 | D:9      | Noticed a wizard
 10082 | D:8      | Killed Pikel
 10083 | D:8      | Reached skill level 8 in Invocations
 10157 | D:9      | You are cast into the Abyss!
 10157 | D:9      | Cast into level 2 of the Abyss (a wizard)
 10192 | Abyss:2  | Noticed a profane servitor
 10193 | D:9      | You pass through the gate.
 10193 | D:9      | Escaped the Abyss
 10196 | D:9      | Killed a wizard
 10217 | D:9      | You pick up a book of Debilitation and begin reading...
 10217 | D:9      | You add the spells Corona, Slow, Inner Flame, Portal
                  | Projectile, Cause Fear and Leda's Liquefaction to your
                  | library.
 10225 | D:9      | You pick up a book of Callings and begin reading...
 10225 | D:9      | You add the spells Summon Small Mammal, Call Imp, Call
                  | Canine Familiar, Summon Guardian Golem, Summon Lightning
                  | Spire and Summon Ice Beast to your library.
 10236 | D:9      | You pick up a book of Hexes and begin reading...
 10236 | D:9      | You add the spells Silence and Discord to your library.
 10301 | D:9      | Reached skill level 8 in Fighting
 11036 | D:9      | Reached skill level 8 in Dodging
 11606 | D:10     | Entered Level 10 of the Dungeon
 11616 | D:10     | Reached skill level 8 in Polearms
 11698 | D:10     | Found a staircase to the Lair.
 11899 | D:10     | Identified the +11 mace "Hiopn" {elec, Int+4}
 11945 | D:10     | You pick up a book of Maledictions and begin reading...
 11945 | D:10     | You add the spells Ensorcelled Hibernation, Tukima's Dance
                  | and Dazzling Flash to your library.
 11946 | D:10     | Identified a scroll of acquirement
 11953 | D:10     | Acquired a +4 trident of venom
 12091 | D:10     | Noticed a tengu warrior
 12132 | D:10     | Reached skill level 1 in Stealth
 12132 | D:10     | Reached XP level 11. HP: 78/78 MP: 17/17
 12175 | D:10     | Killed a tengu warrior
 12176 | D:10     | Reached skill level 2 in Stealth
 12176 | D:10     | Reached skill level 9 in Invocations
 12772 | D:10     | Found an iron altar of Okawaru.
 13050 | D:11     | Noticed a boulder beetle
 13200 | D:10     | Reached skill level 3 in Stealth
 13251 | D:11     | Killed a boulder beetle
 13266 | D:11     | Noticed a two-headed ogre
 13418 | D:10     | Killed a two-headed ogre
 13419 | D:10     | Reached skill level 9 in Fighting
 13419 | D:10     | Reached skill level 4 in Stealth
 13628 | D:11     | Reached skill level 9 in Dodging
 13797 | D:11     | Noticed a cyclops
 13803 | D:11     | Killed a cyclops
 13804 | D:11     | Noticed an ogre mage
 13811 | D:11     | Killed an ogre mage
 13812 | D:11     | Reached skill level 9 in Polearms
 13812 | D:11     | Reached skill level 5 in Stealth
 13897 | D:11     | Acquired a +1 hat of see invisible
 14416 | D:11     | Noticed a manticore
 14426 | D:11     | Killed a manticore
 14685 | D:11     | Found a staircase to the Orcish Mines.
 14932 | D:11     | Reached skill level 6 in Stealth
 14932 | D:11     | Reached skill level 10 in Invocations
 14932 | D:11     | Reached XP level 12. HP: 80/86 MP: 19/19
 15188 | D:11     | Noticed a two-headed ogre
 15197 | D:11     | Killed a two-headed ogre
 15531 | Lair:1   | Entered Level 1 of the Lair of Beasts
 15615 | Lair:1   | You pick up a book of Clouds and begin reading...
 15615 | Lair:1   | You add the spells Poisonous Vapours, Mephitic Cloud,
                  | Conjure Flame and Freezing Cloud to your library.
 16256 | Lair:1   | Reached skill level 5 in Shields
 16779 | Lair:1   | Reached skill level 7 in Stealth
 17467 | Lair:2   | Found a staircase to the Snake Pit.
 17564 | Lair:2   | HP: 12/87 [ice beast (14)]
 17564 | Lair:2   | Slain by an ice beast

Vanquished Creatures
  A boulder beetle (D:11)
  An ogre mage (D:11)
  2 two-headed ogres
  A tengu warrior (D:10)
  A wizard (D:9)
  Pikel (D:8)
  A manticore (D:11)
  A cyclops (D:11)
  A centaur zombie (D:11)
  4 cane toads
  6 komodo dragons
  A tengu conjurer (D:10)
  2 trolls (D:10)
  A slime creature (D:11)
  Grinder (D:4)
  A meliai zombie (D:11)
  Sigmund (D:3)
  2 shadows (D:10)
  23 yaks
  A wyvern (D:9)
  A steam dragon (D:9)
  4 vampire mosquitoes (D:10)
  A naga (Lair:2)
  2 acid dragons
  Duvessa (D:5)
  4 water moccasins
  6 orc warriors
  An ice beast (Lair:2)
  2 sky beasts
  A black bear (D:5)
  A centaur (D:11)
  3 lemures (D:8)
  3 kobold brigands
  2 bullfrogs
  2 scorpions
  A wyvern skeleton (D:6)
  Dowan (D:5)
  15 wights
  An electric eel (Lair:1)
  A bullfrog zombie (D:4)
  2 jellies (D:6)
  3 hounds
  A bullfrog skeleton (D:5)
  2 orc priests
  Terence (D:2)
  Ijyb (D:3)
  7 iguanas
  10 orc wizards
  3 howler monkey zombies
  A river rat (Sewer)
  5 adders
  A howler monkey skeleton (D:6)
  3 white imps (Lair:2)
  4 worms
  3 dart slugs
  31 orcs
  8 endoplasms
  8 giant cockroaches
  7 goblins
  9 hobgoblins
  6 jackals
  13 kobolds
  4 quokkas
  13 ball pythons
  7 bats
  8 frilled lizards
  15 rats
282 creatures vanquished.

Vanquished Creatures (others)
  2 fungi (Lair:2)
  4 plants
6 creatures vanquished.

Grand Total: 288 creatures vanquished

Table legend:
 A = Non-vault XP
 B = Vault XP
 C = Vault XP percentage of total XP
 D = Non-vault monster count
 E = Vault monster count
 F = Vault count percentage of total count
                 A         B        C        D         E       F
            +---------+---------+-------+---------+---------+-------
      Total |   18259 |    7252 |  28.4 |     219 |      61 |  21.8
            +---------+---------+-------+---------+---------+-------
        D:1 |      41 |       0 |   0.0 |      22 |       0 |   0.0
        D:2 |      54 |      36 |  40.0 |      23 |       1 |   4.2
        D:3 |     182 |     276 |  60.3 |      24 |       7 |  22.6
        D:4 |      70 |     254 |  78.4 |      13 |       1 |   7.1
        D:5 |     501 |     214 |  29.9 |      15 |       2 |  11.8
        D:6 |     775 |       0 |   0.0 |      15 |       0 |   0.0
        D:7 |     481 |       0 |   0.0 |      10 |       0 |   0.0
        D:8 |    2378 |     641 |  21.2 |      23 |       1 |   4.2
        D:9 |    1564 |     677 |  30.2 |      20 |       1 |   4.8
       D:10 |    3663 |     286 |   7.2 |      18 |       1 |   5.3
       D:11 |    5987 |    2500 |  29.5 |      26 |      13 |  33.3
     Lair:1 |     956 |    1658 |  63.4 |       4 |       9 |  69.2
     Lair:2 |    1607 |     666 |  29.3 |       6 |       6 |  50.0
      Sewer |       0 |      44 | 100.0 |       0 |      19 | 100.0
            +---------+---------+-------+---------+---------+-------

Illustrated notes

Table legend:
 A = Kills in this place as a percentage of kills in entire the game.
 B = Kills by you in this place as a percentage of kills by you in the entire game.
 C = Kills by friends in this place as a percentage of kills by friends in the entire game.
 D = Other kills in this place as a percentage of other kills in the entire game.
 E = Experience gained in this place as a percentage of experience gained in the entire game.
 F = Experience gained in this place divided by the number of levels of this place that you have seen.
                   A       B       C       D       E      F
               +-------+-------+-------+-------+-------+----------------------
         Total | 100.0 | 100.0 |   N/A | 100.0 | 100.0 | 1500.6
       Dungeon |  84.3 |  84.6 |   N/A |   0.0 |  80.7 | 1870.9
          Lair |   8.9 |   8.6 |   N/A | 100.0 |  19.2 | 2443.5
         Sewer |   6.8 |   6.8 |   N/A |   0.0 |   0.2 |  44.0
               +-------+-------+-------+-------+-------+----------------------

Table legend: (Time is in decaauts)
 A = Elapsed time spent in this place.
 B = Non-inter-level travel time spent in this place.
 C = Inter-level travel time spent in this place.
 D = Time resting spent in this place.
 E = Time spent auto-exploring this place.
 F = Levels seen in this place.
 G = Mean time per level.
                   A        B        C        D        E       F      G
               +--------+--------+--------+--------+--------+-----+--------+
         Total |  17597 |  16939 |    658 |   1779 |  12547 |  17 | 1035.1 |
       Dungeon |  15089 |  14451 |    638 |   1275 |  10992 |  11 | 1371.7 |
          Lair |   2041 |   2021 |     20 |    504 |   1290 |   2 | 1020.5 |
         Abyss |    107 |    107 |      0 |      0 |     40 |   3 |   35.7 |
         Sewer |    358 |    358 |      0 |      0 |    225 |   1 |  358.0 |
               +--------+--------+--------+--------+--------+-----+--------+

Top non-repeatable levels by time:
    D:11: 1977 daAuts
    D:10: 1947 daAuts
     D:8: 1794 daAuts
     D:9: 1659 daAuts
  Lair:1: 1602 daAuts
     D:5: 1498 daAuts
     D:7: 1264 daAuts
     D:3: 1171 daAuts
     D:1: 1116 daAuts
     D:6: 1021 daAuts
     D:2: 962 daAuts
     D:4: 674 daAuts
  Lair:2: 439 daAuts
   Sewer: 358 daAuts
 Abyss:1: 54 daAuts
